 Dungeon Crawl Stone Soup version 0.26-a0-1079-g3a4175ecf3 (webtiles) character file.

Game seed: 16381409521298582109

3892 Baz the Insei (level 10, -1/85 HPs)
             Began as an Octopode Transmuter on Dec 14, 2020.
             Was an Initiate of Gozag.
             Slain by a two-headed ogre
             ... wielding a +0 giant spiked club
              (7 damage)
             ... on level 9 of the Dungeon.
             The game lasted 00:18:40 (11374 turns).

Baz the Insei (Octopode Transmuter)                Turns: 11374, Time: 00:18:41

Health: -1/85      AC:  6    Str: 11    XL:     10   Next: 19%
Magic:  16/16      EV: 12    Int: 18    God:    Gozag
Gold:   994        SH:  0    Dex: 12    Spells: 7/17 levels left

rFire    x . .     SeeInvis .     - Unarmed
rCold    + + +     Faith    .   (shield currently unavailable)
rNeg     . . .     Spirit   .   (helmet currently unavailable)
rPois    +         Reflect  .   (no amulet)
rElec    .         Harm     .   x - ring of flight
rCorr    .         Rampage  .   (no ring)
Will     .....                  (no ring)
Stlth    ++........             (no ring)
HPRegen  0.24/turn              (no ring)
MPRegen  0.15/turn              (no ring)
                                (no ring)
                                (no ring)

@: lethally poisoned (-1 -> -1), ice-form, gold aura
A: large, almost no armour, stealthy swim, amphibious, 8 rings, (constrict 8)
a: End Transformation, Potion Petition, Call Merchant, Bribe Branch, Renounce
Religion, Evoke Flight


You were on level 9 of the Dungeon.
You worshipped Gozag.
Gozag was pleased with you.
You were a creature of crystalline ice.
You visited 2 branches of the dungeon, and saw 10 of its levels.
You also visited: Ossuary.

You collected 1054 gold pieces.
You paid 60 gold pieces to Gozag.

Inventory:

Missiles
 a - 212 stones (quivered)
 g - a throwing net
 q - 11 poisoned darts
Armour
 y - a +0 kite shield
Jewellery
 w - an uncursed ring of ice
 x - a ring of flight (left front paw)
Wands
 r - a wand of acid (10)
 t - a wand of flame (23)
 B - a wand of iceblast (6)
 D - a wand of digging (6)
Scrolls
 f - a scroll of blinking {unknown}
 h - 2 scrolls of magic mapping {unknown}
 i - 2 scrolls of fear
 j - 6 scrolls of random uselessness
 k - 3 scrolls of enchant armour {unknown}
 l - 6 scrolls of remove curse
 p - 4 scrolls of enchant weapon {unknown}
 u - 2 scrolls of amnesia {unknown}
 z - 2 scrolls of fog {unknown}
 E - 5 scrolls of immolation {unknown}
 G - 3 scrolls of identify
 I - a scroll of holy word {unknown}
Potions
 c - 4 potions of curing
 d - 2 potions of attraction
 e - 3 potions of haste
 m - 3 potions of heal wounds
 n - a potion of brilliance {unknown}
 o - 5 potions of mutation {unknown}
 s - 3 potions of might {unknown}
 v - a potion of magic {unknown}
 A - 2 potions of berserk rage {unknown}
 C - 8 potions of degeneration {unknown}
 F - 3 potions of lignification {unknown}
 H - a potion of resistance {unknown}
 J - a potion of ambrosia {unknown}
 K - a potion of cancellation {unknown}


   Skills:
 + Level 7.0 Fighting
 + Level 5.3 Dodging
 - Level 4.0 Stealth
 + Level 7.9 Unarmed Combat
 - Level 4.0 Spellcasting
 - Level 6.0 Transmutations
 + Level 4.8 Ice Magic


You had 7 spell levels left.
You knew the following spells:

 Your Spells              Type           Power        Failure   Level
a - Beastly Appendage     Tmut           ####..       1%          1
b - Wereblood             Tmut           ####....     1%          2
c - Spider Form           Tmut/Pois      ##........   13%         3
d - Ice Form              Ice/Tmut       ###.....     16%         4

Your spell library contained the following spells:

 Spells                   Type           Power        Failure   Level
 Blade Hands              Tmut           ####......   34%         5


Dungeon Overview and Level Annotations

Branches:
Dungeon (9/15)             Temple (1/1) D:5            Lair (0/6) D:9
Ossuary (visited)
    Orc: D:9-12

Altars:
Ashenzari
Cheibriados
Dithmenos
Elyvilon
Fedhas
Gozag
Hepliaklqana
Kikubaaqudgha
Nemelex Xobeh
Okawaru
Qazlal
Ru
Sif Muna
Trog
Uskayaw
Vehumet
Xom
Yredelemnul
Zin
The Shining One

Annotations:
D:2 exclusions: adder and kobold
D:3 exclusion: oklob plant
D:5 exclusion: white imp
D:7 exclusion: 2 doors


Innate Abilities, Weirdness & Mutations

You cannot wear most types of armour.
You are very stealthy in the water. (Stealth+)
You are amphibious.
You can wear up to eight rings at the same time.
((You can use your tentacles to constrict eight enemies at once.))
((Your skin changes colour to match your surroundings (Stealth+).))
((Your rubbery body absorbs attacks. (AC +1, EV +1)))


Message History

The wight becomes distracted by the nearby gold, dreaming of imaginary riches.
You feel sick.
The wight becomes distracted by the nearby gold, dreaming of imaginary riches.
You feel sick.
The wight is no longer distracted by gold.
You feel sick.
A kobold comes into view.
You feel sick.
A kobold comes into view. It is wielding a +0 whip.
The kobold becomes distracted by the nearby gold, dreaming of imaginary riches.
The kobold is no longer distracted by gold.
You feel sick.
There is a stone staircase leading up here.
As you read the scroll of fear, it crumbles to dust.
You assume a fearsome visage.
The kobold looks frightened! x3
The killer bee looks frightened!
The two-headed ogre resists with almost no effort.
The two-headed ogre hits you with a +0 giant spiked club!
You die...
Your body crumbles into a pile of gold.

#...##..............
.....#..........##.#
#...........##..##.#
#...###.##...#.##..####
##..#######....#......#
....z######.K.##......#
....z..O$.$..K........#
..###..#$###.......####
.# #..#### #...OY..# .
###..#####.......##
.##.....#..Ky##.....#
.............##.....###
.............#........#
.#.................##.##
#........#........##..#
#.........#...##...###.#
...............##.## #>#


You could see a two-headed ogre, a killer bee (fleeing) and 3 kobolds.

Vanquished Creatures
  Pikel (D:7)
  Grinder (D:6)
  3 sky beasts
  An ice beast (D:9)
  5 ogres
  2 centaurs
  A big kobold (D:7)
  4 bullfrogs
  A wyvern zombie (D:9)
  2 scorpions
  9 killer bees
  5 wights (D:7)
  A vampire bat (D:4)
  2 howler monkeys (D:9)
  2 bullfrog zombies
  2 jellies
  3 hounds
  A human zombie (Ossuary)
  3 orc priests
  3 orc wizards
  Ijyb (D:3)
  2 iguanas
  Natasha (D:3)
  4 worker ants
  2 hound skeletons (D:4)
  3 mummies (Ossuary)
  Robin (D:3)
  A worker ant zombie (D:7)
  3 gnolls (D:8)
  8 adders
  A howler monkey skeleton (D:6)
  A shadow imp (D:7)
  A white imp (D:7)
  2 ufetubi
  An adder skeleton (D:5)
  A worm (D:1)
  3 fire bats (D:4)
  9 leopard geckos
  25 orcs
  2 spectral bats (D:4)
  A ball python (D:1)
  3 bat skeletons (D:4)
  A bat zombie (D:4)
  4 giant cockroaches
  13 goblins
  12 hobgoblins
  14 jackals
  11 bats
  A bat simulacrum (D:4)
  4 frilled lizards
  A goblin zombie (Ossuary)
  2 hobgoblin zombies (Ossuary)
  A jackal skeleton (D:6)
  6 kobolds (D:1)
  A kobold zombie (Ossuary)
  3 orc zombies (Ossuary)
  A quokka skeleton (D:5)
  2 quokka zombies (D:5)
  16 rats
221 creatures vanquished.

Notes
Turn   | Place    | Note
-------+----------+-------------------------------------------
     0 | D:1      | Baz the Octopode Transmuter began the quest for the Orb.
     0 | D:1      | Reached XP level 1. HP: 13/13 MP: 3/3
   314 | D:1      | Reached skill level 1 in Stealth
   364 | D:1      | Reached XP level 2. HP: 14/18 MP: 0/5
   709 | D:1      | Learned a level 2 spell: Wereblood
   895 | D:1      | Reached XP level 3. HP: 22/23 MP: 6/6
   912 | D:1      | Learned a level 3 spell: Spider Form
  1346 | D:2      | Noticed a bullfrog
  1500 | D:2      | Found a stormy altar of Qazlal.
  1529 | D:2      | Killed a bullfrog
  1530 | D:2      | Reached XP level 4. HP: 20/30 MP: 3/7
  1681 | D:2      | Reached XP level 5. HP: 16/35 MP: 8/8
  2541 | D:3      | Found a shimmering altar of Xom.
  2620 | D:3      | Noticed Natasha
  2630 | D:3      | Killed Natasha
  2771 | D:3      | Noticed Robin
  2794 | D:3      | Killed Robin
  2993 | D:3      | Found a blossoming altar of Fedhas.
  2993 | D:3      | Noticed Ijyb
  3010 | D:3      | Killed Ijyb
  3011 | D:3      | Reached XP level 6. HP: 29/42 MP: 5/9
  3146 | D:3      | Noticed an oklob plant
  3830 | D:4      | You fall into a shaft and drop 2 floors!
  3890 | D:5      | Entered Level 5 of the Dungeon
  3904 | D:5      | Found a white marble altar of Elyvilon.
  3924 | D:5      | Found a shadowy altar of Dithmenos.
  4574 | D:6      | Noticed a sky beast
  4587 | D:6      | Killed a sky beast
  4588 | D:6      | Reached XP level 7. HP: 20/47 MP: 7/10
  5085 | D:5      | HP: 1/47 [orc priest/+0 mace (4)]
  5249 | D:5      | Found a staircase to the Ecumenical Temple.
  5263 | Temple   | Entered the Ecumenical Temple
  5459 | Temple   | Became a worshipper of Gozag Ym Sagoz the Greedy
  5819 | D:4      | Found a sparkling altar of Nemelex Xobeh.
  5863 | D:4      | Reached skill level 5 in Unarmed Combat
  5866 | D:4      | Reached skill level 5 in Transmutations
  5929 | D:4      | Reached XP level 8. HP: 42/54 MP: 9/12
  6541 | D:4      | Found a glowing silver altar of Zin.
  6541 | D:4      | Found an iron altar of Okawaru.
  7121 | D:4      | Learned a level 4 spell: Ice Form
  7659 | D:6      | Noticed Grinder
  7673 | D:6      | Paralysed by Grinder for 7 turns
  7679 | D:6      | Killed Grinder
  8061 | D:7      | Reached skill level 5 in Fighting
  8078 | D:7      | Reached skill level 1 in Ice Magic
  8318 | D:7      | Reached XP level 9. HP: 42/61 MP: 12/15
  9287 | D:7      | Noticed Pikel
  9310 | D:7      | Killed Pikel
  9651 | D:8      | Found a sand-covered staircase.
  9655 | Ossuary  | Entered an ossuary
 10136 | D:8      | Found a bloodstained altar of Trog.
 10279 | D:8      | Found a shimmering altar of Xom.
 10457 | D:8      | Found a shimmering blue altar of Sif Muna.
 11023 | D:8      | Reached XP level 10. HP: 54/69 MP: 10/16
 11173 | D:9      | Reached skill level 5 in Dodging
 11274 | D:9      | Found a staircase to the Lair.
 11354 | D:9      | Noticed a two-headed ogre
 11374 | D:9      | Slain by a two-headed ogre

Illustrated notes

Levels and vault maps discovered:
D:1:      psy_arrival_terrarium, layout_basic
D:2:      layout_loops_cross, grunt_qazlal_clouds
D:3:      layout_loops_corners, lemuel_coloured_pillars_altar, tgw_fedhas,
          kennysheep_generic_room_5, uniq_ijyb, uniq_natasha, uniq_robin
D:4:      layout_basic, nemelex_xobeh_ov_fountains_minmay,
          gammafunk_temple_overflow_wave, goddamned_bats
D:5:      layout_cave_pods, nicolae_overflow_crystal_walls,
          nicolae_overflow_hidden_temple, temple_doors_e
D:6:      layout_loops_ring, uniq_grinder
D:7:      kennysheep_seaside_town, layout_basic, uniq_pikel
D:8:      layout_cave_pools, lemuel_round_altar, kennysheep_mini,
          enter_ossuary_5, xom_teletrap_fun
D:9:      layout_cave_pools, general_overflow_altar, bloody_makhleb,
          lair_entry_dummy, serial_park, serial_shops, shop
Temple:   minmay_temple_curvy_loop

Skill      XL: |  1  2  3  4  5  6  7  8  9 10 |
---------------+-------------------------------+-----
Stealth        | 1 2 4 |  4.0
Fighting       | 2 3 4 5 6 7 |  7.0
Unarmed Combat | 4 5 6 7 |  7.9
Transmutations | 3 4 5 6 |  6.0
Spellcasting   | 3 4 |  4.0
Ice Magic      | 1 4 |  4.8
Dodging        | 4 5 |  5.3

Action                   |  1- 3 |  4- 6 |  7- 9 | 10-12 || total
-------------------------+-------+-------+-------+-------++-------
Melee: Unarmed           |    60 |   143 |   343 |    58 ||   604
       Tentacles         |    11 |    22 |    17 |     1 ||    51
       Constrict         |    11 |    29 |    29 |       ||    69
       Kick              |     3 |       |       |       ||     3
       Punch             |       |     5 |     1 |     1 ||     7
Throw: Stone             |       |       |     3 |       ||     3
 Cast: Beastly Appendage |     7 |     4 |     3 |       ||    14
       Spider Form       |     1 |     7 |    28 |     1 ||    37
       Wereblood         |       |     3 |     5 |     1 ||     9
       Ice Form          |       |       |     4 |     2 ||     6
  Use: Potion            |       |       |     3 |       ||     3
       Scroll            |       |       |     9 |     1 ||    10
 Stab: Sleeping          |    13 |    17 |    14 |       ||    44
       Distracted        |       |     1 |     3 |       ||     4
Armor: Skin              |     6 |     5 |    32 |    10 ||    53
Dodge: Dodged            |    35 |    78 |   297 |    52 ||   462

Table legend: (Time is in decaauts)
 A = Elapsed time spent in this place.
 B = Non-inter-level travel time spent in this place.
 C = Inter-level travel time spent in this place.
 D = Time resting spent in this place.
 E = Time spent auto-exploring this place.
 F = Levels seen in this place.
 G = Mean time per level.
                   A        B        C        D        E       F      G
               +--------+--------+--------+--------+--------+-----+--------+
         Total |  11299 |  10904 |    395 |   2194 |   6494 |  11 | 1027.2 |
       Dungeon |  10691 |  10325 |    366 |   2068 |   6276 |   9 | 1187.9 |
        Temple |    225 |    196 |     29 |      0 |    186 |   1 |  225.0 |
       Ossuary |    382 |    382 |      0 |    126 |     32 |   1 |  382.0 |
               +--------+--------+--------+--------+--------+-----+--------+

Top non-repeatable levels by time:
     D:7: 1601 daAuts
     D:3: 1529 daAuts
     D:4: 1517 daAuts
     D:6: 1504 daAuts
     D:1: 1255 daAuts
     D:8: 1111 daAuts
     D:5: 997 daAuts
     D:2: 958 daAuts
 Ossuary: 382 daAuts
  Temple: 225 daAuts
     D:9: 217 daAuts
